 Dungeon Crawl Stone Soup version 0.28.0 (webtiles) character file.

Game seed: 3654377580299342118

787 AmazingTV the Covert (level 7, -2/36 HPs)
             Began as a Spriggan Brigand on June 29, 2022.
             Slain by a water moccasin (6 damage)
             ... on level 5 of the Dungeon.
             The game lasted 00:11:42 (5061 turns).

AmazingTV the Covert (Spriggan Brigand)             Turns: 5061, Time: 00:11:42

Health: -2/36      AC:  7    Str:  9    XL:     7   Next: 56%
Magic:  7/7        EV: 19    Int: 13    God:
Gold:   277        SH:  0    Dex: 18    Spells: 6/6 levels left

rFire   + . .      SeeInvis +   a - +2 dagger
rCold   . . .      Faith    .   (no shield)
rNeg    . . .      Spirit   .   d - +0 robe
rPois   .          Reflect  .   (helmet restricted)
rElec   .          Harm     .   x - +2 cloak
rCorr   .          Rampage  .   (gloves unavailable)
Will    +....                   (boots unavailable)
Stlth   ++++......              (no amulet)
HPRegen 0.12/turn               (no ring)
MPRegen 0.10/turn               (no ring)

@: lethally poisoned (-2 -> -8), hasted, very quick
A: very small, no large weapons, unfitting armour, see invisible, speed 3,
iridescent scales 1, fire resistance 1, low MP 1, strong 1
a: no special abilities


You were on level 5 of the Dungeon.
You visited 1 branch of the dungeon, and saw 5 of its levels.

You collected 277 gold pieces.

Inventory:

Hand Weapons
 a - a +2 dagger (weapon)
 b - a +0 hunting sling
Missiles
 e - 2 curare-tipped darts
 f - 42 arrows
 g - 82 stones
 r - 11 poisoned darts (quivered)
 u - 23 sling bullets
Armour
 d - a +0 robe (worn)
 x - a +2 cloak (worn)
Scrolls
 h - a scroll of enchant armour {unknown}
 i - a scroll of immolation {unknown}
 l - a scroll of silence {unknown}
 o - a scroll of fog {unknown}
 q - 7 scrolls of identify {unknown}
 s - a scroll of noise {unknown}
 v - a scroll of teleportation {unknown}
Potions
 j - 2 potions of attraction {unknown}
 k - 2 potions of mutation
 m - 2 potions of curing {unknown}
 n - 2 potions of might {unknown}
 t - a potion of flight {unknown}
 w - a potion of ambrosia {unknown}


   Skills:
 + Level 3.2 Fighting
 + Level 4.3 Short Blades
 + Level 4.0(5.0) Slings
 + Level 3.9(4.4) Throwing
 + Level 4.5 Dodging
 + Level 8.0 Stealth


You had 6 spell levels left.
You didn't know any spells.
Your spell library was empty.

Dungeon Overview and Level Annotations

Branches:
Dungeon (5/15)
 Temple: D:4-7

Altars:
Wu Jian


Innate Abilities, Weirdness & Mutations

You are very small and have problems with some larger weapons.
You are too small for most types of armour.
You have supernaturally acute eyesight. (SInv)
You cover ground extremely quickly. (Speed+++)
You are partially covered in iridescent scales. (AC +2)
Your flesh is heat resistant. (rF+)
Your magical capacity is low. (-10% MP)
Your muscles are strong. (Str +2)


Message History

The water moccasin barely misses you.
You hit the water moccasin.
The water moccasin is heavily wounded.
The water moccasin misses you.
You hit the water moccasin.
The water moccasin is severely wounded.
The water moccasin barely misses you.
You closely miss the water moccasin.
The water moccasin is severely wounded.
The water moccasin bites you.
You closely miss the water moccasin.
The water moccasin is severely wounded.
The water moccasin closely misses you.
You hit the water moccasin.
The water moccasin is severely wounded.
The water moccasin bites you.
You are poisoned.
The water moccasin poisons you!
You closely miss the water moccasin.
The water moccasin is severely wounded.
You feel very sick. The water moccasin bites you!
You are too injured to fight recklessly!
You feel sick. The water moccasin bites you.
Found a ring mail.
* * * LOW HITPOINT WARNING * * *
You feel sick.
* * * LOW HITPOINT WARNING * * *
You feel sick.
* * * LOW HITPOINT WARNING * * *
You feel sick.
It was a potion of haste.
You feel yourself speed up.
* * * LOW HITPOINT WARNING * * *
You feel sick. The water moccasin closely misses you.
It was a potion of mutation.
You feel extremely strange.
You feel less energetic.
You feel resistant to heat.
You feel stronger.
Iridescent scales grow over part of your body.
* * * LOW HITPOINT WARNING * * *
You feel sick. The water moccasin bites you.
You die...

......#...... ..
......'...>.. #.#
.....#...... #.#
.... #......
.###########.####
##. ##<....
..........#......
# #.....
..............[#
#.....
#..........##.#
#.....
#..........<#@#
##....
##.........(.#S#
#....
#..............#
#†##.
#..........#.#.#
#.##.
#............#.#
# #.##.
#..........#####
#...###.##.
#..........#
...........
#..$.......#
...........
.............#
...........


You could see a water moccasin.

Vanquished Creatures
  A sky beast (D:5)
  2 black bears (D:4)
  4 scorpions
  A howler monkey (D:5)
  A bullfrog zombie (D:5)
  A jelly (D:5)
  Crazy Yiuf (D:4)
  An iguana (D:5)
  A hound zombie (D:5)
  2 gnolls (D:3)
  2 adders (D:2)
  A white imp (D:5)
  2 worms
  2 dart slugs (D:1)
  An orc (D:2)
  5 endoplasms
  A giant cockroach (D:1)
  4 goblins
  3 hobgoblins
  3 kobolds
  2 quokkas
  3 ball pythons
  7 bats
  2 frilled lizards (D:1)
  7 rats
60 creatures vanquished.

Vanquished Creatures (others)
  A plant (D:4)
1 creature vanquished.

Grand Total: 61 creatures vanquished

Notes
Turn   | Place    | Note
-------+----------+-------------------------------------------
     0 | D:1      | AmazingTV the Spriggan Brigand began the quest for the Orb.
     0 | D:1      | Reached XP level 1. HP: 10/10 MP: 2/2
   491 | D:1      | Reached XP level 2. HP: 15/15 MP: 3/3
   513 | D:1      | Reached skill level 6 in Stealth
   590 | D:1      | Reached skill level 1 in Slings
  1073 | D:2      | Reached XP level 3. HP: 18/18 MP: 4/4
  1740 | D:3      | Reached XP level 4. HP: 18/23 MP: 5/5
  1868 | D:3      | Noticed a phantom
  1872 | D:3      | Found an ornate altar of the Wu Jian Council.
  3430 | D:4      | Noticed a scorpion
  3452 | D:4      | Noticed a black bear
  3456 | D:4      | Killed a black bear
  3457 | D:4      | Reached XP level 5. HP: 27/27 MP: 6/6
  3476 | D:4      | Reached skill level 7 in Stealth
  3712 | D:4      | Reached XP level 6. HP: 32/32 MP: 7/7
  4042 | D:4      | Found a runed translucent door.
  4043 | D:4      | Noticed Crazy Yiuf
  4079 | D:4      | Killed Crazy Yiuf
  4263 | D:5      | Entered Level 5 of the Dungeon
  4263 | D:5      | Noticed a sky beast
  4264 | D:5      | Killed a sky beast
  4265 | D:5      | Reached XP level 7. HP: 35/35 MP: 8/8
  4547 | D:5      | Reached skill level 8 in Stealth
  5061 | D:5      | Gained mutation: Your magical capacity is low. (-10% MP)
                  | [potion of mutation]
  5061 | D:5      | Gained mutation: Your flesh is heat resistant. (rF+)
                  | [potion of mutation]
  5061 | D:5      | Gained mutation: Your muscles are strong. (Str +2) [potion
                  | of mutation]
  5061 | D:5      | Gained mutation: You are partially covered in iridescent
                  | scales. (AC +2) [potion of mutation]
  5061 | D:5      | Slain by a water moccasin

Illustrated notes

Levels and vault maps discovered:
D:1:      matt_arrival_diagonals, layout_basic
D:2:      layout_rooms, minmay_misc_feat_cross, minivault_24
D:3:      layout_loops_corners, mainiacjoe_overflow_alcove_1, minivault_19
D:4:      layout_rooms, serial_forest, infiniplex_forest_clump_large,
          infiniplex_forest_clump_double, infiniplex_forest_straight_2,
          infiniplex_forest_lined_3, infiniplex_forest_3_way,
          infiniplex_forest_clump_diagonal, uniq_crazy_yiuf_cottage
D:5:      layout_basic, minmay_temple_entry_enclosed_plants

Skill      XL: |  1  2  3  4  5  6  7 |
---------------+----------------------+-----
Stealth        | 6 7 8 |  8.0
Slings         | 1 2 3 4 |  4.0
Dodging        | 2 3 4 |  4.5
Fighting       | 2 3 |  3.2
Short Blades   | 3 4 |  4.3
Throwing       | 3 |  3.9

Action                   |  1- 3 |  4- 6 |  7- 9 || total
-------------------------+-------+-------+-------++-------
Melee: Dagger            |    79 |   100 |    89 ||   268
       Punch             |     2 |     2 |       ||     4
Throw: Dart              |    11 |    12 |     6 ||    29
       Stone             |       |     5 |       ||     5
  Use: Potion            |       |       |     2 ||     2
 Stab: Sleeping          |    13 |     7 |     4 ||    24
Armor: Robe              |     6 |     6 |    10 ||    22
Dodge: Dodged            |    44 |    53 |    59 ||   156
